Rangers vs Devils

Created - 1 février 2019 at 18:01

Goals
1 2 3 T
Rangers 1 0 0 1
Devils 0 0 3 3
Shots
1 2 3 T
Rangers 12 10 5 27
Devils 15 2 12 29

1st period

1. Rangers , Alex Goligoski 7 (Ondrej Palat 16, Nick Leddy 34) at 6:12

Penalties :
Dustin Brown (NJD) for Hooking (Minor) at 3:14

2nd period

No Goal

Penalties :
Justin Schultz (NJD) for High sticking (Minor) at 5:45, Brooks Orpik (NJD) for Tripping (Minor) at 9:52

3rd period

2. Devils , Dustin Brown 22 (Nicklas Backstrom 28, Shayne Gostisbehere 36) at 7:24 (PP)
3. Devils , Dustin Brown 23 (Nicklas Backstrom 29) at 13:31
4. Devils , Shayne Gostisbehere 6 (Nicklas Backstrom 30, Dustin Brown 22) at 15:28

Penalties :
Benoit Pouliot (NYR) for Roughing (Double Minor) at 6:00, Michael Del Zotto (NYR) for Holding (Minor) at 10:41, Ryan Pulock (NJD) for Hooking (Minor) at 17:16

Goalie Stats

Brian Elliott (NYR), 26 saves from 29 shots - (0.897), L, 27-12-2, 60:00 minutes
Marc-Andre Fleury (NJD), 26 saves from 27 shots - (0.963), W, 23-20-1, 60:00 minutes

Players Stats for Rangers

Player Name              G  A  P  +/- PIM S  H  SB GA TA FO     MP     PP MP  PK MP  
------------------------------------------------------------------------------------
Alex Goligoski           1  0  1  -1  0   1  1  2  0  0  0/0    25:14   3:49   3:01 
Alexei Emelin            0  0  0   0  0   0  1  2  0  0  0/0    13:36   0:18   0:06 
Anthony Mantha           0  0  0  -1  0   3  1  1  0  0  0/2    18:54   4:00   1:43 
Benoit Pouliot           0  0  0   0  4   3  0  1  0  0  1/1    13:31   0:18   0:54 
Braydon Coburn           0  0  0  -1  0   0  0  0  0  0  0/0     2:17   0:00   0:00 
Cedric Paquette          0  0  0   0  0   1  3  0  0  0  0/1     5:45   0:18   0:00 
Connor McDavid           0  0  0   0  0   3  0  0  0  0  7/25   24:29   3:38   0:20 
Conor Sheary             0  0  0  -1  0   0  0  0  0  0  1/1    17:11   4:00   0:00 
James Neal               0  0  0   0  0   1  3  1  0  0  0/1    19:22   3:38   0:00 
Jamie McGinn             0  0  0   0  0   1  0  0  0  0  0/1    12:20   0:00   0:00 
Joel Edmundson           0  0  0   0  0   0  1  0  0  0  0/0    13:51   0:18   0:21 
Mark Letestu             0  0  0   0  0   0  0  0  0  0  3/9     7:06   0:00   1:39 
Matt Niskanen            0  0  0   0  0   1  0  2  0  0  0/0    21:30   3:49   2:35 
Michael Del Zotto        0  0  0   0  2   2  2  0  0  0  0/0    20:21   3:49   1:27 
Nick Bonino              0  0  0   0  0   4  2  0  0  0  7/18   15:34   0:18   2:56 
Nick Leddy               0  1  1   0  0   1  0  1  0  0  0/0    23:10   3:49   3:14 
Ondrej Palat             0  1  1   0  0   3  4  0  0  0  0/3    19:22   3:38   0:00 
Vincent Trocheck         0  0  0  -1  0   3  0  0  0  0  8/21   21:03   4:00   3:12 

Players Stats for Devils

Player Name              G  A  P  +/- PIM S  H  SB GA TA FO     MP     PP MP  PK MP  
------------------------------------------------------------------------------------
Antoine Vermette         0  0  0   0  0   0  1  0  0  0  6/7     7:14   0:00   0:00 
Anton Stralman           0  0  0   0  0   2  1  1  0  0  0/0    23:16   2:31   4:54 
Bo Horvat                0  0  0   0  0   0  0  0  0  0  9/17   19:40   2:44   4:56 
Brooks Orpik             0  0  0   0  2   0  5  3  0  0  0/0    15:48   0:00   1:41 
Darren Helm              0  0  0   0  0   3  1  0  0  0  0/0    15:30   2:44   0:46 
Dustin Brown             2  1  3   1  2   6  0  0  0  0  1/1    19:33   2:38   1:27 
Eric Fehr                0  0  0   0  0   2  0  0  0  0  1/1    14:08   0:00   2:09 
Jordan Staal             0  0  0   0  0   0  1  0  0  0  13/18  14:13   0:00   2:14 
Justin Schultz           0  0  0   1  2   0  3  3  0  0  0/0    21:52   2:51   2:19 
Kevin Hayes              0  0  0   1  0   3  0  0  0  0  1/2    18:07   2:38   0:00 
Mike Cammalleri          0  0  0   0  0   2  2  0  0  0  0/0     7:14   0:00   0:00 
Nicklas Backstrom        0  3  3   1  0   4  0  1  0  0  25/35  22:27   2:38   4:20 
Pavel Zacha              0  0  0   0  0   1  1  0  0  0  0/0    11:59   0:00   0:00 
Ryan Pulock              0  0  0   1  2   0  1  2  0  0  0/0    19:44   2:51   2:58 
Sam Reinhart             0  0  0   0  0   1  0  0  0  0  0/0    14:44   2:44   0:00 
Shayne Gostisbehere      1  1  2   0  0   3  3  3  0  0  0/0    25:09   2:31   4:00 
Tim Heed                 0  0  0   0  0   2  0  0  0  0  0/0    14:08   0:00   0:00 
Vinnie Hinostroza        0  0  0   0  0   0  0  0  0  0  0/2     7:14   0:00   0:00 

3 Stars

1 - Dustin Brown (NJD)
2 - Shayne Gostisbehere (NJD)
3 - Nicklas Backstrom (NJD)

Power Play

Rangers - 0 on 4 Attempt(s) - 0.00%
Devils - 1 on 3 Attempt(s) - 33.33%

Penalty Kill

Rangers - 2 on 3 Attempt(s) - 66.67% - Score 0 goal in Penalty Kill
Devils - 4 on 4 Attempt(s) - 100.00% - Score 0 goal in Penalty Kill

Team Stat

Rangers - Hits : 18 - Faceoff Wins : 27 - Blocked Shots : 10 - Penalty Minutes : 6
Devils - Hits : 19 - Faceoff Wins : 56 - Blocked Shots : 13 - Penalty Minutes : 8

Official

Referees : Gord Dwyer and Kyle Rehman
Linesman : John Grandt and Tony Sericolo

Game Notes

No Game Note

Finance

Level 1 -- Attendance: 5989 (99.82%) -- Ticket Income 670 768 $
Level 2 -- Attendance: 4382 (87.64%) -- Ticket Income 354 942 $
Level 3 -- Attendance: 1886 (94.30%) -- Ticket Income 150 880 $
Level 4 -- Attendance: 3198 (88.22%) -- Ticket Income 47 970 $
Luxury Box -- Attendance: 908 (90.80%) -- Ticket Income 177 060 $
Game was played at the Prudential Center.
Total Attendance: 16363 (92.84%)
Total Ticket Income: 1 401 620 $
Other Income: 686 794 $
Total Income: 2 088 414 $

% Time on Ice - Rangers

Lines # - Real PCT - Wanted PCT - Time Play
Normal Forward
1 - 34% - 40% - 15:44
2 - 28% - 30% - 13:11
3 - 26% - 20% - 12:20
4 - 12% - 10% - 5:27
Normal Defense
1 - 35% - 42% - 16:07
2 - 32% - 32% - 15:06
3 - 28% - 21% - 13:12
4 - 5% - 5% - 2:17
PP Forward
1 - 50% - 60% - 3:56
2 - 50% - 40% - 4:00
PP Defense
1 - 52% - 60% - 4:07
2 - 48% - 40% - 3:49
PK Forward
1 - 69% - 60% - 3:43
2 - 31% - 40% - 1:39
PK Defense
1 - 52% - 60% - 2:47
2 - 48% - 40% - 2:35
PK3 Forward
1 - 0% - 60%
2 - 0% - 40%
PK3 Defense
1 - 0% - 60%
2 - 0% - 40%
44 Forward
1 - 0% - 60%
2 - 0% - 40%
44 Defense
1 - 0% - 60%
2 - 0% - 40%
Last Minute Offensive  - 0:00
Last Minute Defensive  - 0:00
Total
Forward - 60:00
Defense - 60:00

% Time on Ice - Devils

Lines # - Real PCT - Wanted PCT - Time Play
Normal Forward
1 - 33% - 40% - 15:29
2 - 26% - 30% - 12:00
3 - 26% - 20% - 11:59
4 - 15% - 10% - 7:14
Normal Defense
1 - 34% - 40% - 15:51
2 - 30% - 30% - 13:56
3 - 30% - 20% - 14:08
4 - 6% - 10% - 2:47
PP Forward
1 - 49% - 60% - 2:38
2 - 51% - 40% - 2:44
PP Defense
1 - 47% - 60% - 2:31
2 - 53% - 40% - 2:51
PK Forward
1 - 72% - 60% - 5:42
2 - 28% - 40% - 2:14
PK Defense
1 - 39% - 60% - 3:06
2 - 61% - 40% - 4:50
PK3 Forward
1 - 0% - 60%
2 - 0% - 40%
PK3 Defense
1 - 0% - 60%
2 - 0% - 40%
44 Forward
1 - 0% - 60%
2 - 0% - 40%
44 Defense
1 - 0% - 60%
2 - 0% - 40%
Last Minute Offensive  - 0:00
Last Minute Defensive  - 0:00
Total
Forward - 60:00
Defense - 60:00

Play-by-Play

1st period


0:01 of 1st period - Nicklas Backstrom wins face-off versus Ondrej Palat in neutral zone.
0:14 of 1st period - Shot by Ondrej Palat.
0:14 of 1st period - Shot Misses the Net.
0:16 of 1st period - Shot by Alex Goligoski.
0:16 of 1st period - Shot Misses the Net.
0:22 of 1st period - Shot by Ondrej Palat.
0:22 of 1st period - Stopped by Marc-Andre Fleury without a rebound.
0:23 of 1st period - Bo Horvat wins face-off versus Vincent Trocheck in Devils zone.
0:23 of 1st period - Justin Schultz is hit by Anthony Mantha and loses puck.
0:33 of 1st period - Vincent Trocheck is hit by Ryan Pulock and loses puck.
0:38 of 1st period - Shot by Vincent Trocheck.
0:38 of 1st period - Shot Misses the Net.
0:45 of 1st period - Conor Sheary is hit by Justin Schultz and loses puck.
0:48 of 1st period - Shot by Vincent Trocheck.
0:48 of 1st period - Stopped by Marc-Andre Fleury without a rebound.
0:49 of 1st period - Jordan Staal wins face-off versus Nick Bonino in Devils zone.
0:56 of 1st period - Shot by Tim Heed.
0:56 of 1st period - Stopped by Brian Elliott without a rebound.
0:57 of 1st period - Antoine Vermette wins face-off versus Mark Letestu in Rangers zone.
1:19 of 1st period - Icing by Mark Letestu.
1:20 of 1st period - Nicklas Backstrom wins face-off versus Cedric Paquette in Rangers zone.
1:42 of 1st period - Shot by Kevin Hayes.
1:42 of 1st period - Shot Misses the Net.
1:44 of 1st period - Shot by Kevin Hayes.
1:44 of 1st period - Stopped by Brian Elliott without a rebound.
1:45 of 1st period - Jordan Staal wins face-off versus Nick Bonino in Rangers zone.
2:18 of 1st period - Pavel Zacha is hit by Nick Bonino and loses puck.
2:28 of 1st period - Icing by Ryan Pulock.
2:29 of 1st period - Jordan Staal wins face-off versus Connor McDavid in Devils zone.
2:52 of 1st period - Shot by Ondrej Palat.
2:52 of 1st period - Shot Blocked by Shayne Gostisbehere.
3:03 of 1st period - Shot by Anton Stralman.
3:03 of 1st period - Stopped by Brian Elliott without a rebound.
3:04 of 1st period - Nicklas Backstrom wins face-off versus Vincent Trocheck in Rangers zone.
3:05 of 1st period - Shot by Tim Heed.
3:05 of 1st period - Stopped by Brian Elliott with a rebound.
3:14 of 1st period - Minor Penalty to Dustin Brown for Hooking.
3:15 of 1st period - Nicklas Backstrom wins face-off versus Vincent Trocheck in Devils zone.
3:38 of 1st period - Shot by Nick Leddy.
3:38 of 1st period - Stopped by Marc-Andre Fleury without a rebound.
3:39 of 1st period - Nicklas Backstrom wins face-off versus Connor McDavid in Devils zone.
4:16 of 1st period - Shot by James Neal.
4:16 of 1st period - Shot Misses the Net.
4:18 of 1st period - Shot by Michael Del Zotto.
4:18 of 1st period - Stopped by Marc-Andre Fleury without a rebound.
4:19 of 1st period - Vincent Trocheck wins face-off versus Jordan Staal in Devils zone.
4:40 of 1st period - Anthony Mantha is hit by Jordan Staal and loses puck.
4:51 of 1st period - Shot by Ryan Pulock.
4:51 of 1st period - Shot Blocked by Alex Goligoski.
4:57 of 1st period - Shot by Justin Schultz.
4:57 of 1st period - Shot Misses the Net.
4:59 of 1st period - Shot by Eric Fehr.
4:59 of 1st period - Stopped by Brian Elliott without a rebound.
5:00 of 1st period - Connor McDavid wins face-off versus Nicklas Backstrom in Rangers zone.
5:07 of 1st period - Bo Horvat is hit by Ondrej Palat and loses puck.
5:31 of 1st period - Mike Cammalleri is hit by Joel Edmundson and loses puck.
5:41 of 1st period - Icing by Alexei Emelin.
5:42 of 1st period - Nicklas Backstrom wins face-off versus Nick Bonino in Rangers zone.
5:43 of 1st period - Shot by Dustin Brown.
5:43 of 1st period - Shot Misses the Net.
5:45 of 1st period - Shot by Anton Stralman.
5:45 of 1st period - Stopped by Brian Elliott without a rebound.
5:46 of 1st period - Connor McDavid wins face-off versus Nicklas Backstrom in Rangers zone.
5:53 of 1st period - Shot by Alex Goligoski.
5:53 of 1st period - Shot Misses the Net.
6:08 of 1st period - Shot by Ondrej Palat.
6:08 of 1st period - Stopped by Marc-Andre Fleury with a rebound.
6:10 of 1st period - Shot by Alex Goligoski.
6:10 of 1st period - Shot Misses the Net.
6:12 of 1st period - Shot by Alex Goligoski.
6:12 of 1st period - Goal by Alex Goligoski - Rangers : 1 - Devils : 0.
6:13 of 1st period - Bo Horvat wins face-off versus Vincent Trocheck in neutral zone.
7:09 of 1st period - Shot by Dustin Brown.
7:09 of 1st period - Stopped by Brian Elliott with a rebound.
7:32 of 1st period - Shot by Dustin Brown.
7:32 of 1st period - Stopped by Brian Elliott without a rebound.
7:33 of 1st period - Jordan Staal wins face-off versus Connor McDavid in Rangers zone.
7:34 of 1st period - Shot by Pavel Zacha.
7:34 of 1st period - Shot Misses the Net.
8:34 of 1st period - Benoit Pouliot is hit by Shayne Gostisbehere and loses puck.
8:37 of 1st period - Shot by Nick Bonino.
8:37 of 1st period - Shot Blocked by Nicklas Backstrom.
8:39 of 1st period - Shot by Benoit Pouliot.
8:39 of 1st period - Stopped by Marc-Andre Fleury without a rebound.
8:40 of 1st period - Mark Letestu wins face-off versus Bo Horvat in Devils zone.
8:40 of 1st period - Mark Letestu is hit by Shayne Gostisbehere.
8:45 of 1st period - Mark Letestu is hit by Shayne Gostisbehere and loses puck.
8:53 of 1st period - Mark Letestu is hit by Justin Schultz and loses puck.
9:19 of 1st period - Icing by Justin Schultz.
9:20 of 1st period - Bo Horvat wins face-off versus Nick Bonino in Devils zone.
9:29 of 1st period - Jamie McGinn is hit by Justin Schultz and loses puck.
9:38 of 1st period - Shot by Benoit Pouliot.
9:38 of 1st period - Shot Misses the Net.
9:40 of 1st period - Shot by Nick Bonino.
9:40 of 1st period - Shot Blocked by Justin Schultz.
9:42 of 1st period - Shot by Nick Bonino.
9:42 of 1st period - Stopped by Marc-Andre Fleury without a rebound.
9:43 of 1st period - Vincent Trocheck wins face-off versus Nicklas Backstrom in Devils zone.
9:49 of 1st period - Nicklas Backstrom is hit by Michael Del Zotto and loses puck.
9:59 of 1st period - Dustin Brown is hit by Michael Del Zotto and loses puck.
11:07 of 1st period - Icing by Nick Leddy.
11:08 of 1st period - Jordan Staal wins face-off versus Nick Bonino in Rangers zone.
11:33 of 1st period - Shot by Jordan Staal.
11:33 of 1st period - Deflect By Eric Fehr.
11:33 of 1st period - Stopped by Brian Elliott without a rebound.
11:34 of 1st period - Bo Horvat wins face-off versus Connor McDavid in Rangers zone.
11:37 of 1st period - Shot by Darren Helm.
11:37 of 1st period - Stopped by Brian Elliott without a rebound.
11:38 of 1st period - Connor McDavid wins face-off versus Bo Horvat in Rangers zone.
11:45 of 1st period - Shot by Michael Del Zotto.
11:45 of 1st period - Stopped by Marc-Andre Fleury without a rebound.
11:46 of 1st period - Kevin Hayes wins face-off versus Ondrej Palat in Devils zone.
11:46 of 1st period - Kevin Hayes is hit by James Neal.
12:18 of 1st period - Shot by James Neal.
12:18 of 1st period - Shot Misses the Net.
13:00 of 1st period - Off-side.
13:01 of 1st period - Jordan Staal wins face-off versus Nick Bonino in neutral zone.
13:34 of 1st period - Icing by Eric Fehr.
13:35 of 1st period - Jordan Staal wins face-off versus Vincent Trocheck in Devils zone.
14:01 of 1st period - Shot by Anthony Mantha.
14:01 of 1st period - Stopped by Marc-Andre Fleury without a rebound.
14:02 of 1st period - Nicklas Backstrom wins face-off versus Connor McDavid in Devils zone.
14:13 of 1st period - Shot by Dustin Brown.
14:13 of 1st period - Shot Blocked by Matt Niskanen.
14:30 of 1st period - Connor McDavid is hit by Anton Stralman and loses puck.
14:58 of 1st period - Icing by Nick Leddy.
14:59 of 1st period - Bo Horvat wins face-off versus Vincent Trocheck in Rangers zone.
14:59 of 1st period - Bo Horvat is hit by Alex Goligoski.
15:09 of 1st period - Shot by Bo Horvat.
15:09 of 1st period - Shot Blocked by Alex Goligoski.
15:11 of 1st period - Shot by Darren Helm.
15:11 of 1st period - Stopped by Brian Elliott without a rebound.
15:12 of 1st period - Antoine Vermette wins face-off versus Nick Bonino in Rangers zone.
15:21 of 1st period - Shot by Vinnie Hinostroza.
15:21 of 1st period - Shot Misses the Net.
15:26 of 1st period - Icing by Joel Edmundson.
15:27 of 1st period - Benoit Pouliot wins face-off versus Bo Horvat in Rangers zone.
15:27 of 1st period - Jamie McGinn is hit by Darren Helm and loses puck.
15:52 of 1st period - Shot by Sam Reinhart.
15:52 of 1st period - Stopped by Brian Elliott with a rebound.
15:54 of 1st period - Shot by Sam Reinhart.
15:54 of 1st period - Shot Misses the Net.
15:57 of 1st period - Sam Reinhart is hit by Alexei Emelin.
16:41 of 1st period - Shot by Kevin Hayes.
16:41 of 1st period - Stopped by Brian Elliott without a rebound.
16:42 of 1st period - Vincent Trocheck wins face-off versus Vinnie Hinostroza in Rangers zone.
16:49 of 1st period - Shot by Antoine Vermette.
16:49 of 1st period - Deflect By Mike Cammalleri.
16:49 of 1st period - Stopped by Brian Elliott without a rebound.
16:50 of 1st period - Jordan Staal wins face-off versus Connor McDavid in Rangers zone.
17:15 of 1st period - Ondrej Palat is hit by Brooks Orpik and loses puck.
17:18 of 1st period - Shot by James Neal.
17:18 of 1st period - Stopped by Marc-Andre Fleury with a rebound.
17:33 of 1st period - Nick Leddy is hit by Pavel Zacha and loses puck.
18:20 of 1st period - Icing by Vincent Trocheck.
18:21 of 1st period - Vincent Trocheck wins face-off versus Bo Horvat in Rangers zone.
18:58 of 1st period - Shot by Joel Edmundson.
18:58 of 1st period - Shot Misses the Net.
19:00 of 1st period - Shot by Nick Bonino.
19:00 of 1st period - Shot Blocked by Ryan Pulock.
19:10 of 1st period - Shot by Nick Bonino.
19:10 of 1st period - Stopped by Marc-Andre Fleury without a rebound.
19:11 of 1st period - Nicklas Backstrom wins face-off versus Mark Letestu in Devils zone.
19:34 of 1st period - Shot by Nicklas Backstrom.
19:34 of 1st period - Deflect By Dustin Brown.
19:34 of 1st period - Stopped by Brian Elliott without a rebound.
19:35 of 1st period - Antoine Vermette wins face-off versus Connor McDavid in Rangers zone.
19:46 of 1st period - James Neal is hit by Antoine Vermette and loses puck.
Goals for this period are 1 for Rangers vs 0 for Devils.
Shots for this period are 12 for Rangers vs 15 for Devils.

2nd period


0:01 of 2nd period - Connor McDavid wins face-off versus Nicklas Backstrom in neutral zone.
0:24 of 2nd period - Shot by Ondrej Palat.
0:24 of 2nd period - Stopped by Marc-Andre Fleury with a rebound.
1:34 of 2nd period - Icing by Matt Niskanen.
1:35 of 2nd period - Conor Sheary wins face-off versus Vinnie Hinostroza in Rangers zone.
1:35 of 2nd period - Conor Sheary is hit by Mike Cammalleri.
2:14 of 2nd period - Shot by Alexei Emelin.
2:14 of 2nd period - Shot Blocked by Brooks Orpik.
2:49 of 2nd period - Shot by Eric Fehr.
2:49 of 2nd period - Shot Blocked by Nick Leddy.
3:07 of 2nd period - Shot by Connor McDavid.
3:07 of 2nd period - Stopped by Marc-Andre Fleury without a rebound.
3:08 of 2nd period - Nicklas Backstrom wins face-off versus Mark Letestu in Devils zone.
3:25 of 2nd period - Shot by Ryan Pulock.
3:25 of 2nd period - Shot Misses the Net.
3:29 of 2nd period - Shot by Kevin Hayes.
3:29 of 2nd period - Stopped by Brian Elliott without a rebound.
3:30 of 2nd period - Bo Horvat wins face-off versus Vincent Trocheck in Rangers zone.
3:39 of 2nd period - Shot by Darren Helm.
3:39 of 2nd period - Shot Misses the Net.
3:56 of 2nd period - Off-side.
3:57 of 2nd period - Nick Bonino wins face-off versus Kevin Hayes in neutral zone.
3:59 of 2nd period - Matt Niskanen is hit by Brooks Orpik and loses puck.
4:12 of 2nd period - Shot by Jamie McGinn.
4:12 of 2nd period - Stopped by Marc-Andre Fleury without a rebound.
4:13 of 2nd period - Jordan Staal wins face-off versus Connor McDavid in Devils zone.
4:13 of 2nd period - Jordan Staal is hit by Ondrej Palat.
5:12 of 2nd period - Shot by Dustin Brown.
5:12 of 2nd period - Shot Misses the Net.
5:38 of 2nd period - Shot by Vincent Trocheck.
5:38 of 2nd period - Deflect By Conor Sheary.
5:38 of 2nd period - Shot Misses the Net.
5:40 of 2nd period - Shot by Anthony Mantha.
5:40 of 2nd period - Shot Misses the Net.
5:45 of 2nd period - Minor Penalty to Justin Schultz for High sticking.
5:46 of 2nd period - Nicklas Backstrom wins face-off versus Connor McDavid in Devils zone.
5:52 of 2nd period - Icing by Connor McDavid.
5:53 of 2nd period - Nicklas Backstrom wins face-off versus Connor McDavid in Rangers zone.
6:02 of 2nd period - Shot by Bo Horvat.
6:02 of 2nd period - Deflect By Nicklas Backstrom.
6:02 of 2nd period - Shot Misses the Net.
6:48 of 2nd period - Shot by Matt Niskanen.
6:48 of 2nd period - Deflect By Vincent Trocheck.
6:48 of 2nd period - Shot Misses the Net.
6:50 of 2nd period - Shot by Vincent Trocheck.
6:50 of 2nd period - Shot Blocked by Shayne Gostisbehere.
6:52 of 2nd period - Shot by Matt Niskanen.
6:52 of 2nd period - Stopped by Marc-Andre Fleury with a rebound.
7:04 of 2nd period - Shot by Anthony Mantha.
7:04 of 2nd period - Stopped by Marc-Andre Fleury without a rebound.
7:05 of 2nd period - Vincent Trocheck wins face-off versus Nicklas Backstrom in Devils zone.
7:49 of 2nd period - Alexei Emelin is hit by Brooks Orpik and loses puck.
7:55 of 2nd period - Jamie McGinn is hit by Brooks Orpik and loses puck.
8:05 of 2nd period - Jamie McGinn is hit by Brooks Orpik and loses puck.
8:22 of 2nd period - Shot by Benoit Pouliot.
8:22 of 2nd period - Stopped by Marc-Andre Fleury without a rebound.
8:23 of 2nd period - Mark Letestu wins face-off versus Jordan Staal in Devils zone.
8:30 of 2nd period - Justin Schultz is hit by Cedric Paquette.
8:36 of 2nd period - Shot by Connor McDavid.
8:36 of 2nd period - Stopped by Marc-Andre Fleury with a rebound.
9:52 of 2nd period - Minor Penalty to Brooks Orpik for Tripping.
9:53 of 2nd period - Nicklas Backstrom wins face-off versus Vincent Trocheck in Devils zone.
10:14 of 2nd period - Shot by Michael Del Zotto.
10:14 of 2nd period - Shot Misses the Net.
10:16 of 2nd period - Shot by Vincent Trocheck.
10:16 of 2nd period - Stopped by Marc-Andre Fleury without a rebound.
10:17 of 2nd period - Connor McDavid wins face-off versus Nicklas Backstrom in Devils zone.
10:33 of 2nd period - Icing by Alex Goligoski.
10:34 of 2nd period - Connor McDavid wins face-off versus Nicklas Backstrom in Rangers zone.
10:53 of 2nd period - Shot by Nick Leddy.
10:53 of 2nd period - Shot Misses the Net.
11:20 of 2nd period - Off-side.
11:21 of 2nd period - Vincent Trocheck wins face-off versus Jordan Staal in neutral zone.
11:53 of 2nd period - Shot by Nick Bonino.
11:53 of 2nd period - Stopped by Marc-Andre Fleury with a rebound.
11:56 of 2nd period - Icing by Tim Heed.
11:57 of 2nd period - Antoine Vermette wins face-off versus Mark Letestu in Devils zone.
11:57 of 2nd period - Antoine Vermette is hit by Cedric Paquette.
13:25 of 2nd period - Shot by Matt Niskanen.
13:25 of 2nd period - Shot Blocked by Ryan Pulock.
13:43 of 2nd period - Shot by Anthony Mantha.
13:43 of 2nd period - Shot Misses the Net.
14:07 of 2nd period - Shot by Vincent Trocheck.
14:07 of 2nd period - Stopped by Marc-Andre Fleury without a rebound.
14:08 of 2nd period - Nicklas Backstrom wins face-off versus Connor McDavid in Devils zone.
15:07 of 2nd period - Off-side.
15:08 of 2nd period - Nick Bonino wins face-off versus Jordan Staal in neutral zone.
15:31 of 2nd period - Shot by Jordan Staal.
15:31 of 2nd period - Shot Blocked by Alexei Emelin.
15:42 of 2nd period - Icing by Benoit Pouliot.
15:43 of 2nd period - Antoine Vermette wins face-off versus Nick Bonino in Rangers zone.
18:11 of 2nd period - Shot by Nicklas Backstrom.
18:11 of 2nd period - Stopped by Brian Elliott without a rebound.
18:12 of 2nd period - Nicklas Backstrom wins face-off versus Mark Letestu in Rangers zone.
18:52 of 2nd period - Icing by Tim Heed.
18:53 of 2nd period - Vincent Trocheck wins face-off versus Nicklas Backstrom in Devils zone.
19:21 of 2nd period - Icing by Ryan Pulock.
19:22 of 2nd period - Eric Fehr wins face-off versus Jamie McGinn in Devils zone.
19:57 of 2nd period - Shot by Benoit Pouliot.
19:57 of 2nd period - Shot Misses the Net.
Goals for this period are 0 for Rangers vs 0 for Devils.
Shots for this period are 10 for Rangers vs 2 for Devils.

3rd period


0:01 of 3rd period - Dustin Brown wins face-off versus Connor McDavid in neutral zone.
1:51 of 3rd period - Shot by Vincent Trocheck.
1:51 of 3rd period - Shot Misses the Net.
1:57 of 3rd period - Shot by Jordan Staal.
1:57 of 3rd period - Shot Blocked by Matt Niskanen.
2:07 of 3rd period - Shot by Tim Heed.
2:07 of 3rd period - Shot Misses the Net.
2:09 of 3rd period - Shot by Pavel Zacha.
2:09 of 3rd period - Shot Misses the Net.
2:11 of 3rd period - Shot by Eric Fehr.
2:11 of 3rd period - Shot Blocked by Anthony Mantha.
2:13 of 3rd period - Shot by Eric Fehr.
2:13 of 3rd period - Shot Misses the Net.
2:20 of 3rd period - Icing by Matt Niskanen.
2:21 of 3rd period - Nicklas Backstrom wins face-off versus Vincent Trocheck in Rangers zone.
2:30 of 3rd period - Shot by Nicklas Backstrom.
2:30 of 3rd period - Stopped by Brian Elliott without a rebound.
2:31 of 3rd period - Nick Bonino wins face-off versus Antoine Vermette in Rangers zone.
2:31 of 3rd period - Nick Bonino is hit by Mike Cammalleri.
2:50 of 3rd period - Shot by Benoit Pouliot.
2:50 of 3rd period - Stopped by Marc-Andre Fleury without a rebound.
2:51 of 3rd period - Nicklas Backstrom wins face-off versus Vincent Trocheck in Devils zone.
3:10 of 3rd period - Shot by Nicklas Backstrom.
3:10 of 3rd period - Stopped by Brian Elliott without a rebound.
3:11 of 3rd period - Bo Horvat wins face-off versus Nick Bonino in Rangers zone.
3:36 of 3rd period - Icing by Shayne Gostisbehere.
3:37 of 3rd period - Mark Letestu wins face-off versus Bo Horvat in Devils zone.
4:21 of 3rd period - Shot by Nicklas Backstrom.
4:21 of 3rd period - Stopped by Brian Elliott without a rebound.
4:22 of 3rd period - Jordan Staal wins face-off versus Vincent Trocheck in Rangers zone.
4:37 of 3rd period - Shot by Vincent Trocheck.
4:37 of 3rd period - Shot Misses the Net.
5:20 of 3rd period - Icing by Tim Heed.
5:21 of 3rd period - Jordan Staal wins face-off versus Connor McDavid in Devils zone.
5:42 of 3rd period - Off-side.
5:43 of 3rd period - Nick Bonino wins face-off versus Nicklas Backstrom in neutral zone.
6:00 of 3rd period - Double Minor Penalty to Benoit Pouliot for Roughing.
6:01 of 3rd period - Nick Bonino wins face-off versus Bo Horvat in Rangers zone.
6:32 of 3rd period - Shot by Ryan Pulock.
6:32 of 3rd period - Shot Misses the Net.
6:34 of 3rd period - Shot by Bo Horvat.
6:34 of 3rd period - Shot Misses the Net.
7:04 of 3rd period - Shot by Shayne Gostisbehere.
7:04 of 3rd period - Stopped by Brian Elliott with a rebound.
7:24 of 3rd period - Shot by Dustin Brown.
7:24 of 3rd period - Goal by Dustin Brown - Rangers : 1 - Devils : 1.
7:25 of 3rd period - Nick Bonino wins face-off versus Bo Horvat in neutral zone.
7:40 of 3rd period - Shot by Vincent Trocheck.
7:40 of 3rd period - Shot Blocked by Justin Schultz.
8:26 of 3rd period - Icing by Anton Stralman.
8:27 of 3rd period - Nicklas Backstrom wins face-off versus Connor McDavid in Devils zone.
8:33 of 3rd period - Icing by Dustin Brown.
8:34 of 3rd period - Nicklas Backstrom wins face-off versus Nick Bonino in Devils zone.
8:34 of 3rd period - Nicklas Backstrom is hit by Nick Bonino.
10:41 of 3rd period - Minor Penalty to Michael Del Zotto for Holding.
10:42 of 3rd period - Nicklas Backstrom wins face-off versus Nick Bonino in Rangers zone.
11:08 of 3rd period - Shot by Dustin Brown.
11:08 of 3rd period - Shot Misses the Net.
11:10 of 3rd period - Shot by Kevin Hayes.
11:10 of 3rd period - Deflect By Dustin Brown.
11:10 of 3rd period - Shot Misses the Net.
11:12 of 3rd period - Shot by Justin Schultz.
11:12 of 3rd period - Shot Misses the Net.
11:51 of 3rd period - Shot by Shayne Gostisbehere.
11:51 of 3rd period - Stopped by Brian Elliott without a rebound.
11:52 of 3rd period - Bo Horvat wins face-off versus Anthony Mantha in Rangers zone.
12:40 of 3rd period - Shot by Vincent Trocheck.
12:40 of 3rd period - Deflect By Nick Bonino.
12:40 of 3rd period - Stopped by Marc-Andre Fleury without a rebound.
12:41 of 3rd period - Jordan Staal wins face-off versus Connor McDavid in Devils zone.
12:41 of 3rd period - Jordan Staal is hit by James Neal.
13:03 of 3rd period - Shot by Connor McDavid.
13:03 of 3rd period - Stopped by Marc-Andre Fleury without a rebound.
13:04 of 3rd period - Antoine Vermette wins face-off versus Mark Letestu in Devils zone.
13:04 of 3rd period - Antoine Vermette is hit by Cedric Paquette.
13:19 of 3rd period - Off-side.
13:20 of 3rd period - Nicklas Backstrom wins face-off versus Vincent Trocheck in neutral zone.
13:27 of 3rd period - Icing by Vincent Trocheck.
13:28 of 3rd period - Nicklas Backstrom wins face-off versus Anthony Mantha in Rangers zone.
13:29 of 3rd period - Shot by Dustin Brown.
13:29 of 3rd period - Stopped by Brian Elliott with a rebound.
13:31 of 3rd period - Shot by Dustin Brown.
13:31 of 3rd period - Goal by Dustin Brown - Rangers : 1 - Devils : 2.
13:32 of 3rd period - Connor McDavid wins face-off versus Nicklas Backstrom in neutral zone.
13:35 of 3rd period - Dustin Brown is hit by James Neal and loses puck.
14:10 of 3rd period - Off-side.
14:11 of 3rd period - Vincent Trocheck wins face-off versus Bo Horvat in neutral zone.
14:38 of 3rd period - Shot by Bo Horvat.
14:38 of 3rd period - Shot Misses the Net.
14:42 of 3rd period - Shot by Darren Helm.
14:42 of 3rd period - Stopped by Brian Elliott without a rebound.
14:43 of 3rd period - Nick Bonino wins face-off versus Jordan Staal in Rangers zone.
14:56 of 3rd period - Icing by Brooks Orpik.
14:57 of 3rd period - Jordan Staal wins face-off versus Connor McDavid in Devils zone.
15:04 of 3rd period - Shot by Pavel Zacha.
15:04 of 3rd period - Stopped by Brian Elliott without a rebound.
15:05 of 3rd period - Nicklas Backstrom wins face-off versus James Neal in Rangers zone.
15:24 of 3rd period - Shot by Nicklas Backstrom.
15:24 of 3rd period - Shot Blocked by James Neal.
15:26 of 3rd period - Shot by Shayne Gostisbehere.
15:26 of 3rd period - Shot Misses the Net.
15:28 of 3rd period - Shot by Shayne Gostisbehere.
15:28 of 3rd period - Goal by Shayne Gostisbehere - Rangers : 1 - Devils : 3.
15:29 of 3rd period - Bo Horvat wins face-off versus Vincent Trocheck in neutral zone.
15:53 of 3rd period - Shot by Anthony Mantha.
15:53 of 3rd period - Stopped by Marc-Andre Fleury without a rebound.
15:54 of 3rd period - Nicklas Backstrom wins face-off versus Connor McDavid in Devils zone.
17:01 of 3rd period - Shot by Bo Horvat.
17:01 of 3rd period - Shot Misses the Net.
17:09 of 3rd period - Shot by Vincent Trocheck.
17:09 of 3rd period - Shot Misses the Net.
17:11 of 3rd period - Shot by Matt Niskanen.
17:11 of 3rd period - Shot Misses the Net.
17:13 of 3rd period - Shot by Matt Niskanen.
17:13 of 3rd period - Shot Blocked by Justin Schultz.
17:15 of 3rd period - Shot by Vincent Trocheck.
17:15 of 3rd period - Shot Misses the Net.
17:16 of 3rd period - Minor Penalty to Ryan Pulock for Hooking.
17:17 of 3rd period - Nicklas Backstrom wins face-off versus Ondrej Palat in Devils zone.
17:28 of 3rd period - Shot by Nick Leddy.
17:28 of 3rd period - Shot Blocked by Anton Stralman.
17:46 of 3rd period - Jordan Staal is hit by Ondrej Palat.
18:24 of 3rd period - Shot by Vincent Trocheck.
18:24 of 3rd period - Shot Misses the Net.
18:26 of 3rd period - Shot by Matt Niskanen.
18:26 of 3rd period - Shot Misses the Net.
18:28 of 3rd period - Shot by Michael Del Zotto.
18:28 of 3rd period - Shot Misses the Net.
18:30 of 3rd period - Shot by Michael Del Zotto.
18:30 of 3rd period - Shot Misses the Net.
18:32 of 3rd period - Shot by Michael Del Zotto.
18:32 of 3rd period - Shot Blocked by Brooks Orpik.
18:34 of 3rd period - Shot by Michael Del Zotto.
18:34 of 3rd period - Shot Blocked by Shayne Gostisbehere.
18:36 of 3rd period - Shot by Michael Del Zotto.
18:36 of 3rd period - Shot Blocked by Brooks Orpik.
18:58 of 3rd period - Shot by Cedric Paquette.
18:58 of 3rd period - Stopped by Marc-Andre Fleury without a rebound.
18:59 of 3rd period - Nicklas Backstrom wins face-off versus Connor McDavid in Devils zone.
18:59 of 3rd period - Nicklas Backstrom is hit by Ondrej Palat.
19:38 of 3rd period - Shot by Antoine Vermette.
19:38 of 3rd period - Shot Blocked by Benoit Pouliot.
19:40 of 3rd period - Shot by Mike Cammalleri.
19:40 of 3rd period - Stopped by Brian Elliott with a rebound.
19:42 of 3rd period - Shot by Ryan Pulock.
19:42 of 3rd period - Shot Blocked by Alexei Emelin.
19:44 of 3rd period - Shot by Mike Cammalleri.
19:44 of 3rd period - Shot Hit the Post.
Goals for this period are 0 for Rangers vs 3 for Devils.
Shots for this period are 5 for Rangers vs 12 for Devils.